 Dungeon Crawl Stone Soup version 0.29.1-15-g9cfb28693d (webtiles) character file.

Game seed: 7652846967819779290

2683 Astronema the Conjurer (level 9, -14/39 HPs)
             Began as a Felid Conjurer on Mar 9, 2023.
             Was an Elder of the Shining One.
             Demolished by an orc knight
             ... wielding a +0 halberd
              (24 damage)
             ... on level 1 of the Orcish Mines.
             The game lasted 00:55:48 (11751 turns).

Astronema the Conjurer (Felid Conjurer)            Turns: 11751, Time: 00:55:49

Health: -14/39     AC:  2    Str:  5    XL:     9   Next: 37%
Magic:  17/19      EV: 22    Int: 20    God:    the Shining One [****..]
Gold:   1447       SH:  0    Dex: 21    Spells: 3/20 levels left
                                        Lives:  0   Deaths: 3

rFire   . . .      SeeInvis +     - Unarmed
rCold   . . .      Faith    .   (shield unavailable)
rNeg    + + .      Spirit   .   (body armour unavailable)
rPois   .          Reflect  .   (helmet unavailable)
rElec   .          Harm     .   (cloak unavailable)
rCorr   .          Rampage  .   (gloves unavailable)
Will    +....                   (boots unavailable)
Stlth   ++........              n - amulet of regeneration
HPRegen 0.93/turn               b - +4 ring of slaying
MPRegen 0.16/turn               a - +6 ring of dexterity

@: glowing, quick
A: very small, claws 1, fangs 3, see invisible, speed 1, shaggy fur 2, stealthy
paws, no weapons or thrown items, no armour, multi-lived, dopey 1, mutation
resistance 1
a: Renounce Religion, Divine Shield, Cleansing Flame


You were on level 1 of the Orcish Mines.
You worshipped the Shining One.
The Shining One was greatly pleased with you.
You visited 2 branches of the dungeon, and saw 10 of its levels.
You also visited: Bailey.

You collected 1447 gold pieces.

Inventory:

Jewellery
 a - a +6 ring of dexterity (right paw)
 b - a +4 ring of slaying (left paw)
 c - a ring of protection from cold
 n - an amulet of regeneration (around neck)
 p - a +6 ring of intelligence
 q - an amulet of reflection
 r - a ring of flight
 s - an amulet of magic regeneration
 z - a ring of resist corrosion
Wands
 C - a wand of mindburst (5)
 D - a wand of roots (4)
Scrolls
 d - 5 scrolls of vulnerability
 e - 2 scrolls of enchant armour
 i - a scroll of magic mapping
 k - a scroll of fog
 o - a scroll of teleportation
 y - a scroll of enchant weapon
 B - a scroll of immolation
Potions
 g - 2 potions of flight
 h - 2 potions of curing {unknown}
 j - a potion of ambrosia
 l - 2 potions of lignification {unknown}
 m - 3 potions of mutation
 t - 3 potions of brilliance
 u - a potion of degeneration {unknown}
 v - a potion of cancellation
 w - a potion of resistance {unknown}


   Skills:
 * Level 4.3 Fighting
 * Level 6.4 Dodging
 * Level 7.2 Stealth
 * Level 5.1 Unarmed Combat
 * Level 6.3 Spellcasting
 * Level 7.6 Conjurations
 * Level 5.1 Hexes
 * Level 4.2 Summonings
 * Level 3.1 Earth Magic
 * Level 4.4 Invocations
 * Level 5.1 Evocations


You had 3 spell levels left.
You knew the following spells:

 Your Spells              Type           Power      Damage    Failure   Level
a - Fulminant Prism       Conj/Hex       15%        3d11      8%          4
b - Searing Ray           Conj           72%        2d7       1%          2
c - Summon Small Mammal   Summ           92%        N/A       1%          1
d - Call Canine Familiar  Summ           23%        N/A       5%          3
e - Stone Arrow           Conj/Erth      56%        3d10      3%          3
f - Cause Fear            Hex            13%        N/A       12%         4

Your spell library contained the following spells:

 Spells                   Type           Power      Damage    Failure   Level
 Magic Dart               Conj           100%       1d8       1%          1
 Dazzling Flash           Conj/Hex       62%        N/A       2%          3
 Summon Guardian Golem    Hex/Summ       25%        N/A       4%          3
 Inner Flame              Hex/Fire       16%        N/A       11%         3
 Iskenderun's Mystic Bla  Conj/Tloc      21%        2d6       22%         4
 Summon Ice Beast         Ice/Summ       14%        N/A       38%         4
 Simulacrum               Ice/Necr       3%         N/A       100%        6
 Discord                  Hex            13%        N/A       100%        8


Dungeon Overview and Level Annotations

Branches:
Dungeon (9/15)             Temple (0/1) D:5             Orc (1/2) D:9
 Bailey (visited)
   Lair: D:8-11

Altars:
Ashenzari
Elyvilon
Ru
Sif Muna
Trog
Uskayaw
Yredelemnul
Zin
The Shining One

Shops:
D:6 [   Orc:1 *


Innate Abilities, Weirdness & Mutations

You have sharp claws.
You have razor-sharp teeth.
You have supernaturally acute eyesight. (SInv)
You cover ground quickly. (Speed+)
You are covered in thick fur. (AC +2)
Your paws help you pounce on unaware monsters.
You are incapable of wielding weapons or throwing items.
You cannot wear armour.
You gain extra lives every three experience levels.
You are dopey. (Int -2)
You are somewhat resistant to further mutation.


Message History

The orc shouts!
An orc comes into view. It is wielding a +0 hand axe.
An orc comes into view. It is wielding a +0 flail. x2
The orc wizard points at you and mumbles some strange words.
The magic dart hits you. The orc warrior completely misses you.
The orc knight roars a battlecry!
The orcs go into a battle-frenzy!
The orc warrior hits you from afar with a +0 glaive!!
The orc shouts!
You climb upwards.
Welcome back to the Dungeon!
There is a staircase to the Orcish Mines, spattered with blood here.
You see here the felid corpse of Astronema.
There is an open door here.
There is an open door here.
There is an open door here.
There is an open door here.
Things that are here:
2 boomerangs; a +0 flail; an orc skeleton
There is a staircase to the Orcish Mines, spattered with blood here.
You see here the felid corpse of Astronema.
You climb downwards.
Welcome back to the Orcish Mines!
The orc hits you with a +0 flail! The orc barely misses you.
An orc priest comes into view. It is wielding a +0 dagger.
There is a staircase back to the Dungeon, spattered with blood here.
Aiming: Mindburst
Press: ? - help, Shift-Dir - straight line, f - orc knight
Aim: an orc knight, wielding a +0 halberd and wearing a +0 chain mail (haloed, chance to affect: 68%)
The orc knight struggles to resist.
The orc shouts! x2
The orc closely misses you. x2
The orc knight hits you from afar with a +0 halberd!!
Ouch! That really hurt!
* * * LOW HITPOINT WARNING * * *
An orc comes into view. It is wielding a +0 club.
The orc wizard mumbles some strange words.
The orc wizard flickers and vanishes for a moment.
The orc shouts!
The orc knight hits you from afar with a +0 halberd!!
Ouch! That really hurt!
You die...

....... ..
.... ##.....o.
# #.. .....
##$##.o..o....
#....#.#......
#∩..o.oo....$
#@# ##oo.....
#o$.... ......
.o..# o....
.o.# ....


You could see an orc knight, an orc sorcerer, an orc warrior, an orc priest, an
orc wizard (invisible) and 7 orcs.

Vanquished Creatures
  A centaur warrior (D:9)
  Sigmund (D:2)
  A steam dragon (D:7)
  11 yaks
  An acid dragon (D:9)
  A warg (D:9)
  2 ice beasts (D:7)
  3 orc warriors
  2 black bears
  3 sky beasts
  4 ogres
  A centaur (D:9)
  2 kobold brigands (D:9)
  A phantom (D:5)
  4 bullfrogs
  A gnoll sergeant (D:9)
  2 scorpions
  A water moccasin zombie (D:5)
  12 wights
  6 killer bees (D:8)
  A howler monkey (D:6)
  A hound (D:5)
  2 jellies (D:7)
  7 orc priests
  2 gnoll boudas
  3 iguanas
  6 orc wizards
  A nameless horror (D:5)
  A howler monkey zombie (D:5)
  Robin (D:3)
  18 gnolls
  8 adders
  A shadow imp (D:7)
  An ufetubus (D:5)
  4 dart slugs
  48 orcs
  7 ball pythons
  8 endoplasms
  2 giant cockroaches
  13 goblins
  10 hobgoblins
  5 quokkas
  8 bats
  21 kobolds
  8 rats
247 creatures vanquished.

Vanquished Creatures (collateral kills)
  Maggie (D:6)
  A centaur (D:6)
  A necrophage (D:5)
  An iguana (D:5)
  3 gnolls
7 creatures vanquished.

Vanquished Creatures (others)
  A kobold brigand (D:5)
1 creature vanquished.

Grand Total: 255 creatures vanquished

Notes
Turn   | Place    | Note
-------+----------+-------------------------------------------
     0 | D:1      | Astronema the Felid Conjurer began the quest for the Orb.
     0 | D:1      | Reached XP level 1. HP: 7/7 MP: 4/4
    79 | D:1      | Found a faded altar of an unknown god.
    93 | D:1      | Prayed at the altar of an unknown god.
    93 | D:1      | Became a worshipper of the Shining One
    93 | D:1      | Reached * piety under the Shining One
   564 | D:1      | Reached XP level 2. HP: 11/11 MP: 3/6
   567 | D:1      | Learned a level 2 spell: Searing Ray
  1214 | D:1      | Learned a level 1 spell: Summon Small Mammal
  1511 | D:2      | Reached XP level 3. HP: 10/14 MP: 3/7
  1714 | D:2      | Got the Tome of the Manifold Demons
  1812 | D:2      | Noticed Sigmund
  1838 | D:2      | Killed Sigmund
  1839 | D:2      | Reached skill level 1 in Fighting
  1839 | D:2      | Reached skill level 1 in Unarmed Combat
  1839 | D:2      | Reached skill level 5 in Conjurations
  1839 | D:2      | Reached skill level 1 in Summonings
  1839 | D:2      | Reached skill level 1 in Invocations
  1839 | D:2      | Reached XP level 4. HP: 19/19 MP: 0/8
  1839 | D:2      | Reached XP level 5. HP: 22/22 MP: 0/9
  2058 | D:2      | Learned a level 3 spell: Call Canine Familiar
  2207 | D:2      | Found a sacrificial altar of Ru.
  2353 | D:3      | Found a hide-covered altar of Uskayaw.
  2507 | D:3      | Noticed Robin
  2559 | D:3      | Killed Robin
  2800 | D:3      | Gained mutation: You are covered in thick fur. (AC +2)
                  | [Felid growth]
  2800 | D:3      | Reached XP level 6. HP: 24/25 MP: 5/11
  3019 | D:3      | Learned a level 3 spell: Stone Arrow
  3880 | D:4      | Reached ** piety under the Shining One
  3889 | D:4      | Reached skill level 1 in Evocations
  4173 | D:4      | Reached XP level 7. HP: 18/28 MP: 2/12
  5334 | D:5      | Entered Level 5 of the Dungeon
  5719 | D:5      | Found a sacrificial altar of Ru.
  5830 | D:5      | Reached XP level 8. HP: 25/34 MP: 12/14
  5880 | D:5      | Found a staircase to the Ecumenical Temple.
  6073 | D:5      | Learned a level 4 spell: Fulminant Prism
  6600 | D:5      | Reached skill level 1 in Hexes
  6602 | D:5      | Reached *** piety under the Shining One
  6608 | D:5      | Found a basalt altar of Yredelemnul.
  6713 | D:6      | Identified the +0 leather armour of Happy Babbling {rF- rN+
                  | Will+ Str+6}
  6727 | D:6      | Reached skill level 5 in Stealth
  7075 | D:6      | Found a glowing silver altar of Zin.
  7144 | D:6      | Noticed Maggie
  7467 | D:6      | Found Tarhunz's Dragon-Slaying Spoils.
  7513 | D:6      | Shot with an arrow by a centaur
  7514 | D:6      | Reached XP level 7. HP: -6/31 MP: 8/14
  7542 | D:6      | Killed Maggie
  7543 | D:6      | Reached skill level 1 in Earth Magic
  7543 | D:6      | Reached XP level 8. HP: 33/34 MP: 3/15
  7757 | D:6      | Identified a scroll of acquirement
  7757 | D:6      | Acquired an amulet of regeneration
  7843 | D:7      | Reached skill level 5 in Dodging
  8247 | D:7      | Reached XP level 9. HP: 38/38 MP: 8/17
  8507 | D:7      | Reached skill level 5 in Spellcasting
  8516 | D:7      | Learned a level 4 spell: Cause Fear
  8878 | D:7      | Found a shimmering blue altar of Sif Muna.
  8958 | D:8      | Found a flagged portal.
  9004 | Bailey   | Entered a bailey
  9434 | Bailey   | Gained mutation: You are dopey. (Int -2) [potion of
                  | mutation]
  9434 | Bailey   | Gained mutation: You have a pair of small antennae on your
                  | head. [potion of mutation]
  9434 | Bailey   | Gained mutation: Potions are less effective at restoring
                  | your health. [potion of mutation]
  9435 | Bailey   | Mangled by an orc warrior
  9436 | Bailey   | Reached XP level 8. HP: -9/34 MP: 1/16
  9641 | Bailey   | Acquired 957 gold pieces
  9767 | D:8      | Found a white marble altar of Elyvilon.
  9847 | D:8      | Found a bloodstained altar of Trog.
  9933 | D:8      | Lost mutation: Potions are less effective at restoring your
                  | health. [potion of mutation]
  9933 | D:8      | Lost mutation: You have a pair of small antennae on your
                  | head. [potion of mutation]
  9933 | D:8      | Gained mutation: You are somewhat resistant to further
                  | mutation. [potion of mutation]
 10112 | D:8      | Found a broken altar of Ashenzari.
 10243 | D:8      | Reached XP level 9. HP: 39/39 MP: 5/18
 10682 | D:9      | Reached **** piety under the Shining One
 10838 | D:9      | Noticed a centaur warrior
 10853 | D:9      | Killed a centaur warrior
 10973 | D:9      | Found a staircase to the Orcish Mines.
 11116 | D:9      | Reached XP level 10. HP: 42/42 MP: 13/20
 11240 | D:9      | Reached skill level 5 in Evocations
 11269 | D:9      | Reached skill level 5 in Unarmed Combat
 11269 | D:9      | Reached skill level 5 in Hexes
 11425 | Orc:1    | Entered Level 1 of the Orcish Mines
 11425 | Orc:1    | Found Luaguhou's Assorted Antiques.
 11530 | Orc:1    | Noticed an orc sorcerer
 11550 | Orc:1    | Noticed an orc knight
 11557 | D:9      | Mangled by an orc warrior
 11558 | D:9      | Reached XP level 9. HP: -10/39 MP: 8/19
 11751 | Orc:1    | Demolished by an orc knight

Illustrated notes

Levels and vault maps discovered:
D:1:      enne_arrival_octagon_isle, layout_loops_corners,
          hellmonk_ecumenical_altar_crossroads, minmay_misc_feat_iff
D:2:      layout_loops_ring, basic_altar, minivault_23, uniq_sigmund
D:3:      layout_basic, mainiacjoe_overflow_six_doors_small,
          serial_co_window_serial, co_window_corner_a, co_window_paths_b,
          co_window_paths_a, co_window_paths_a, co_window_corner_a,
          co_window_of_opportunity_b, co_window_unsneaky_path_c,
          co_window_of_opportunity_c, co_window_of_opportunity_b,
          co_window_unsneaky_path_b, co_window_paths_c,
          co_window_unsneaky_path_d, co_window_4corner_a, glass_columns_a,
          glass_columns_b, glass_columns_c, glass_columns_a, uniq_robin
D:4:      layout_basic
D:5:      layout_basic, lemuel_zombie_altar_yredelemnul,
          mainiacjoe_overflow_alcove_1, minmay_temple_entry_from_below_b
D:6:      layout_rooms, overflow_temple_1_default, nicolae_shop_dragon_depot,
          uniq_maggie
D:7:      layout_basic, mainiacjoe_overflow_alcove_2
D:8:      layout_basic, mainiacjoe_overflow_paths, general_overflow_altar,
          mainiacjoe_overflow_small_starburst, enter_bailey_6
D:9:      layout_gridville, orc_0_dummy
Orc:1:    layout_caves, serial_shops, shop, uniq_sonja

Skill      XL: |  1  2  3  4  5  6  7  8  9 10 |
---------------+-------------------------------+-----
Conjurations   | 4 5 7 |  7.6
Stealth        | 3 4 5 6 7 |  7.2
Dodging        | 3 4 5 6 |  6.4
Fighting       | 1 2 3 4 |  4.3
Unarmed Combat | 1 2 4 5 |  5.1
Summonings     | 1 3 4 |  4.2
Invocations    | 1 2 3 4 |  4.4
Spellcasting   | 3 4 6 |  6.3
Evocations     | 1 2 4 5 |  5.1
Hexes          | 4 5 |  5.1
Earth Magic    | 1 2 3 |  3.1

Action                   |  1- 3 |  4- 6 |  7- 9 | 10-12 || total
-------------------------+-------+-------+-------+-------++-------
Melee: Unarmed           |    11 |    22 |    82 |    11 ||   126
       Bite              |     2 |     1 |    10 |     2 ||    15
       Punch             |       |       |     2 |     2 ||     4
 Cast: Magic Dart        |    10 |       |     1 |       ||    11
       Searing Ray       |    19 |    25 |    49 |     2 ||    95
       Stone Arrow       |       |     2 |    95 |    14 ||   111
       Summon Small Mamm |       |       |     1 |       ||     1
       Call Canine Famil |       |       |     5 |       ||     5
Invok: Cleansing Flame   |       |       |     1 |       ||     1
Evoke: Wand              |       |     4 |    19 |     3 ||    26
  Use: Scroll            |     3 |     4 |    19 |       ||    26
       Potion            |     3 |     6 |    13 |     3 ||    25
Armor: Skin              |     3 |     3 |    10 |     3 ||    19
Dodge: Dodged            |    25 |    56 |   256 |    43 ||   380
Block: Other             |       |       |    16 |       ||    16
       Reflection        |       |       |     6 |       ||     6
